 Dungeon Crawl Stone Soup version 0.22.1-1-ga44c0e5 (webtiles) character file.

487 Irenicus the Cleaver (level 6, -8/60 HPs)
             Began as a Deep Dwarf Monk on Oct 9, 2018.
             Killed from afar by an oklob sapling (15 damage)
             ... with a splash of acid
             ... on level 5 of the Dungeon.
             The game lasted 00:10:23 (1738 turns).

Irenicus the Cleaver (Deep Dwarf Monk)              Turns: 1738, Time: 00:10:23

Health: -8/60      AC:  2    Str: 15    XL:     6   Next: 89%
Magic:  3/3        EV: 13    Int: 10    God:
Gold:   128        SH:  0    Dex: 17    Spells: 5/5 levels left

rFire    . . .     SeeInvis .   a - +0 hand axe
rCold    . . .     Gourm    .   (no shield)
rNeg     . . .     Faith    .   k - +0 leather armour
rPois    +         Spirit   .   (no helmet)
rElec    .         Reflect  .   r - +0 cloak
rCorr    .         Harm     .   j - +0 pair of gloves
MR       .....     Clarity  +   d - +0 pair of boots
Stlth    ++........             (no amulet)
HPRegen  0.00/turn              (no ring)
MPRegen  0.08/turn              (no ring)

@: corroded, non-regenerating
A: damage resistance, heal wounds, clarity, sense surroundings 1, poison
resistance, robust 1, no regeneration
a: Heal Wounds


You were on level 5 of the Dungeon.
You were hungry.

You visited 1 branch of the dungeon, and saw 5 of its levels.

You collected 128 gold pieces.

Inventory:

Hand Weapons
 a - a +0 hand axe (weapon)
Armour
 d - a +0 pair of boots (worn)
   (You found it on level 1 of the Dungeon)
 j - a +0 pair of gloves (worn)
   (You found it on level 2 of the Dungeon)
 k - a +0 leather armour (worn)
   (You found it on level 2 of the Dungeon)
 r - a +0 cloak (worn)
   (You found it on level 3 of the Dungeon)
Scrolls
 b - 2 scrolls of enchant armour {unknown}
 h - 2 scrolls of fog {unknown}
 i - a scroll of teleportation {unknown}
 m - 3 scrolls of identify {unknown}
 n - 2 scrolls of remove curse {unknown}
 o - a scroll of random uselessness {unknown}
 s - a scroll of magic mapping {unknown}
Potions
 e - a potion of lignification {unknown}
 f - a potion of might
 g - 4 potions of curing
 l - a potion of degeneration {unknown}
 q - a potion of brilliance {unknown}
Comestibles
 c - 4 rations


   Skills:
 - Level 2.6 Fighting
 + Level 8.6 Axes
 - Level 3.2 Dodging
 - Level 2.4 Stealth


You had 5 spell levels left.
You didn't know any spells.
Your spell library was empty.

Dungeon Overview and Level Annotations

Branches:
Dungeon (5/15)             Temple (0/1) D:5

Altars:
Ashenzari
Gozag
Qazlal
Wu Jian
The Shining One

Annotations:
D:5 exclusion: oklob sapling


Innate Abilities, Weirdness & Mutations

You are resistant to damage.
You can heal yourself by infusing magical energy.
You passively map a small area around you.
You do not regenerate.
You possess an exceptional clarity of mind.
Your system is resistant to poisons. (rPois)
You are robust. (+10% HP)


Message History

You kill the adder!
You see here an adder corpse.
A jackal comes into view.
The jackal barks!
You hear the rusting of a very distant drain.
The jackal closely misses you.
The jackal bites the plant but does no damage.
The jackal bites you but does no damage.
The jackal barks!
You hit the jackal. The jackal barely misses you.
You closely miss the jackal. The jackal bites you.
Really walk into a travel-excluded area?
The jackal bites you. The jackal closely misses you. The jackal misses you.
The jackal bites you but does no damage.
The jackal barely misses you. The jackal barely misses you.
You are no longer poisoned.
You hit the plant but do no damage. x2; You hit the jackal.
You hit the plant but do no damage. x2; The jackal barely misses you.
You hit the plant but do no damage. x2; You hit the plant.
You hit the jackal. You closely miss the jackal.
You hit the plant but do no damage. The jackal bites you.
The jackal bites you but does no damage.
The jackal barely misses you.
You hit the plant. You hit the plant but do no damage. x2
You miss the jackal. You closely miss the jackal. You hit the plant.
The jackal closely misses you. The jackal barely misses you.
You hit the plant but do no damage. x2; You hit the jackal.
You kill the jackal!
You hit the jackal.
You kill the jackal!
You hit the plant. You hit the plant but do no damage.
You hit the plant but do no damage. x4
You hit the plant. You hit the plant but do no damage. x3
You hit the plant but do no damage. x4
You hit the plant but do no damage. x4
You hit the plant. You hit the plant but do no damage. x3
You hit the plant. You hit the plant but do no damage. x3
You hit the plant but do no damage. x2; You hit the plant. x2
You hit the plant but do no damage. x2; You hit the plant.
You hit the plant but do no damage. You hit the plant.
You hit the plant but do no damage. x3
You hit the plant but do no damage. x3; You hit the plant.
You hit the plant. You hit the plant but do no damage. You hit the plant.
You completely miss the plant.
You hit the plant but do no damage. x3; You hit the plant.
You hit the plant. You hit the plant but do no damage. x3
You fail to use your ability.
You fail to use your ability.
Your magical essence is drained by the effort!
You feel much better.
You regained 32 hp, and now have 51/60 hp.
You now have 3/3 mp.
You hit the plant but do no damage. You hit the plant.
You hit the plant but do no damage. x2
You hit the plant. x2; You hit the plant but do no damage.
You hit the plant. You hit the plant but do no damage. x4
You hit the plant. You hit the plant but do no damage. x3
You hit the plant.
You hit the plant but do no damage. x2; You hit the plant.
You hit the plant but do no damage. You hit the plant.
You hit the plant but do no damage. x2
You hit the plant. You slash the plant! You hit the plant but do no damage. x2
You hit the plant but do no damage. x4
You hit the plant.
You hit the plant but do no damage. x2; You hit the plant.
You hit the plant but do no damage. x3; You hit the plant.
You hit the plant but do no damage. x4
You hit the plant but do no damage. x4
You hit the plant but do no damage. x4
You hit the plant but do no damage. You hit the plant.
You hit the plant but do no damage. You hit the plant. You hit the plant.
You hit the plant but do no damage. x3
You hit the plant but do no damage. x4
You hit the plant but do no damage. x2; You hit the plant. x2
You hit the plant. You hit the plant but do no damage. x3
You hit the plant but do no damage. x2; You hit the plant.
You hit the plant but do no damage. You hit the plant.
You hit the plant but do no damage. x3
You hit the plant.
You destroy the plant!
You hit the plant but do no damage. x3
The oklob sapling spits acid at you. The splash of acid hits you!
The acid corrodes you!
You are splashed with acid!
The acid burns!
You take 18 damage, and have 33/60 hp.
MASSIVE DAMAGE!!
There is a staircase to the Ecumenical Temple here.
You hit the oklob sapling but do no damage.
You hit the plant but do no damage. You hit the plant.
You hit the plant but do no damage. x2
The oklob sapling spits acid at you. The splash of acid hits you!
* * * LOW HITPOINT WARNING * * *
You are splashed with acid!
The acid burns!
* * * LOW HITPOINT WARNING * * *
You take 26 damage, and have 7/60 hp.
MASSIVE DAMAGE!!
You hit the oklob sapling. You hit the plant but do no damage. x4
You are feeling hungry.
The oklob sapling spits acid at you. The splash of acid hits you!
You die...

, ,, ,, .......†)... ,,
,..## ,...######)#### * ,
... ,,...####....[.. , ,* #.
##.#####........#..... , ,
#. #..........###.<#.....
#.##.....P...###........# ,
#....P.PPP.P##...###...## ,
#####....PP.PP..#.#####..##
.......†...@PPP.........##
.#####.....PP.PPPP...#####.#
............PPP.P....# #..
###........P..PP.....# ###
.....................# *
#####...............#
#....)..........#
##.............##
##.........†.##


You could see an oklob sapling.

Vanquished Creatures
  A water moccasin skeleton (D:3)
  A hound (D:5)
  An orc priest (D:5)
  3 orc wizards
  A worker ant (D:4)
  A hound skeleton (D:4)
  10 gnolls
  2 adders
  2 shadow imps (D:5)
  An ooze (D:2)
  A dart slug (D:2)
  4 leopard geckos
  18 orcs
  A ball python (D:1)
  4 giant cockroaches
  7 goblins
  7 hobgoblins
  12 jackals
  5 kobolds
  2 quokkas
  7 bats
  5 frilled lizards
  3 goblin skeletons (D:5)
  3 goblin zombies (D:5)
  2 hobgoblin zombies (D:5)
  A kobold zombie (D:5)
  An orc zombie (D:5)
  5 rats
  A plant (D:5)
112 creatures vanquished.

Vanquished Creatures (others)
  2 jackals (D:1)
  A bat (D:1)
3 creatures vanquished.

Grand Total: 115 creatures vanquished

Notes
Turn   | Place    | Note
-------+----------+-------------------------------------------
     0 | D:1      | Irenicus the Deep Dwarf Monk began the quest for the Orb.
     0 | D:1      | Reached XP level 1. HP: 20/20 MP: 1/1
    93 | D:1      | Reached skill level 4 in Axes
    93 | D:1      | Reached XP level 2. HP: 13/27 MP: 2/2
   246 | D:1      | Reached XP level 3. HP: 28/33 MP: 2/2
   373 | D:2      | Reached skill level 5 in Axes
   775 | D:3      | Found a stormy altar of Qazlal.
   812 | D:3      | Found an ornate altar of the Wu Jian Council.
   815 | D:3      | Found an opulent altar of Gozag.
   849 | D:3      | Reached XP level 4. HP: 12/40 MP: 3/3
   967 | D:3      | Reached skill level 6 in Axes
  1113 | D:3      | Reached XP level 5. HP: 24/46 MP: 4/4
  1235 | D:4      | Reached skill level 7 in Axes
  1307 | D:4      | HP: 11/46 [gnoll/club (2)]
  1308 | D:4      | HP: 5/46 [gnoll/club (6)]
  1399 | D:4      | HP: 11/46 [gnoll/spear (4)]
  1403 | D:4      | Reached XP level 6. HP: 8/55 MP: 5/5
  1433 | D:5      | Entered Level 5 of the Dungeon
  1457 | D:5      | HP: 7/55 [orc (1)]
  1468 | D:5      | HP: 11/55 [gnoll/flail (10)]
  1477 | D:5      | HP: 13/55 [orc/flail (1)]
  1479 | D:5      | Gained mutation: You are robust. (+10% HP) [potion of
                  | mutation]
  1479 | D:5      | Gained mutation: You possess an exceptional clarity of
                  | mind. [potion of mutation]
  1479 | D:5      | Gained mutation: Your system is resistant to poisons.
                  | (rPois) [potion of mutation]
  1486 | D:5      | HP: 14/60 [gnoll/spear (2)]
  1489 | D:5      | Reached skill level 8 in Axes
  1491 | D:5      | HP: 3/60 [orc wizard/magic dart (5)]
  1550 | D:5      | Found a glowing golden altar of the Shining One.
  1616 | D:5      | Found a shattered altar of Ashenzari.
  1626 | D:5      | HP: 15/60 [orc/falchion (2)]
  1652 | D:5      | Found a staircase to the Ecumenical Temple.
  1737 | D:5      | HP: 7/60 [acid (9)]
  1738 | D:5      | Killed from afar by an oklob sapling

Skill      XL: |  1  2  3  4  5  6 |
---------------+-------------------+-----
Axes           | 4 5 6 7 8 |  8.6
Fighting       | |  2.6
Dodging        | |  3.2
Stealth        | |  2.4

Action                   |  1- 3 |  4- 6 || total
-------------------------+-------+-------++-------
Melee: Hand axe          |   145 |   250 ||   395
 Abil: Heal Wounds       |     1 |     8 ||     9
  Use: Potion            |       |     4 ||     4
 Stab: Sleeping          |     3 |     2 ||     5
  Eat: Chunk             |       |     3 ||     3
Armor: Robe              |    38 |       ||    38
       Leather armour    |     9 |    74 ||    83
Dodge: Dodged            |   124 |   168 ||   292

Vault maps used:
D:1:      lightli_arrival_maybe_door_vault, lemuel_another_geyser
D:2:      minmay_tromino_v2
D:3:      minitemple, first_ration, grunt_qazlal_clouds
D:5:      nicolae_tso_besieged_by_evil, minmay_temple_entry_oklob,
          portal_sewer_entry_b, nicolae_ashenzari_panopticon

Table legend:
 A = Turns spent in this place as a percentage of turns spent in the entire game.
 B = Non-inter-level travel turns spent in this place as a percentage of non-inter-level travel turns spent in the entire game.
 C = Inter-level travel turns spent in this place as a percentage of turns spent in this place.
 D = Turns resting spent in this place as a percentage of non-inter-level travel turns spent in this place.
 E = Turns spent auto-exploring this place as a percentage of non-inter-level travel turns spent in this place.
 F = Non-inter-level travel turns spent in this place divided by the number of levels of this place that you've seen.
                   A       B       C       D       E      F
               +-------+-------+-------+-------+-------+----------------------
         Total | 100.0 | 100.0 |   1.2 |   0.0 |   0.0 | 343.4
       Dungeon | 100.0 | 100.0 |   1.2 |   0.0 |   0.0 | 343.4
               +-------+-------+-------+-------+-------+----------------------

Table legend:
 A = Kills in this place as a percentage of kills in entire the game.
 B = Kills by you in this place as a percentage of kills by you in the entire game.
 C = Kills by friends in this place as a percentage of kills by friends in the entire game.
 D = Other kills in this place as a percentage of other kills in the entire game.
 E = Experience gained in this place as a percentage of experience gained in the entire game.
 F = Experience gained in this place divided by the number of levels of this place that you have seen.
                   A       B       C       D       E      F
               +-------+-------+-------+-------+-------+----------------------
         Total | 100.0 | 100.0 |   N/A | 100.0 | 100.0 | 139.2
       Dungeon | 100.0 | 100.0 |   N/A | 100.0 | 100.0 | 139.2
               +-------+-------+-------+-------+-------+----------------------
